 Dungeon Crawl Stone Soup version 0.18-a0-1167-g39faa5c (webtiles) character file.

39 Minkie the Covered (level 3, -2/23 HPs)
             Began as a Gargoyle Fighter on Jan 25, 2016.
             Was an Initiate of Okawaru.
             Slain by a small abomination (6 damage)
             ... on level 1 of the Abyss.
             The game lasted 00:04:06 (867 turns).

Minkie the Covered (Gargoyle Fighter)                Turns: 867, Time: 00:04:06

Health: -2/23      AC: 11    Str: 19    XL:     3   Next: 45%
Magic:  3/3        EV:  7    Int:  9    God:    Okawaru [......]
Gold:   57         SH:  9    Dex:  9    Spells: 0 memorised, 2 levels left

rFire  . . .     SeeInvis .     a - +0 flail
rCold  . . .     Gourm    .     b - +0 scale mail
rNeg   + . .     Faith    .     c - +0 shield
rPois  ∞         Spirit   .     (no helmet)
rElec  +         Dismiss  .     (no cloak)
rCorr  .         Reflect  .     g - +0 pair of gloves
SustAt .         Harm     .     (no boots)
MR     .....                    (no amulet)
Stlth  ..........               (no ring)
                                (no ring)

@: not resistant to hostile enchantments, extremely unstealthy
A: negative energy resistance 1, electricity resistance, unbreathing,
petrification resistance, rot immunity, AC +3
a: Renounce Religion


You were on level 1 of the Abyss.
You worshipped Okawaru.
Okawaru was noncommittal.
You were not hungry.

You visited 1 branch of the dungeon, and saw 2 of its levels.
You visited the Abyss 1 time.

You collected 57 gold pieces.

Inventory:

Hand Weapons
 a - a +0 flail (weapon)
Armour
 b - a +0 scale mail (worn)
 c - a +0 shield (worn)
 g - a +0 pair of gloves (worn)
Scrolls
 h - 4 scrolls of identify {unknown}
 l - a scroll of remove curse {unknown}
Potions
 d - a potion of might
 e - 2 potions of curing {unknown}
 j - a potion of resistance {unknown}
 k - a potion of heal wounds {unknown}
Comestibles
 f - a bread ration
 i - a slice of pizza


   Skills:
 + Level 3.4 Fighting
 * Level 2.8 Maces & Flails
 + Level 3.7 Armour
 + Level 3.6 Shields


You had 2 spell levels left.
You didn't know any spells.

Dungeon Overview and Level Annotations

Branches:
Dungeon (2/15)

Altars:
Elyvilon
Nemelex Xobeh
Okawaru

Annotations:
D:2 Terence


Innate Abilities, Weirdness & Mutations

You are resistant to torment.
Your stone body is resilient (AC +3).
You are immune to poison.
You resist negative energy.
You are resistant to electric shocks.
You can survive without breathing.
You are immune to petrification.
You are immune to rotting.


Message History

You block Terence's attack.
You hit Terence but do no damage.
Terence is moderately wounded.
Terence barely misses you.
You sock Terence!
Terence is heavily wounded.
Terence hits you with a morningstar of distortion.
* * * LOW HITPOINT WARNING * * *
You are cast into the Abyss!
To return, you must find a gate leading back.
Welcome to the Abyss!
This branch contains the abyssal rune of Zot.
Found a corrupted altar of Lugonu.
You start resting.
A small abomination comes into view.
You block the small abomination's attack.
Found a bubbling brown potion.
You block the small abomination's attack.
The small abomination hits you.
You die...

#. .. #. #. #
####.# .##..
.....#...###......
. ..............#
...#.......#.#.# .
+ #...#.8...!.#.# .
#.##...##....@...#
. #.#...
.###..x#.##
....#....#.....#.#
# . .....
.##..#.#.# ... .
...###.....##.#
...## #x# ##.#....#
#....... #
#.....#.# .
#.#.#_.####.###.#.#
# ....... .#.#.#


You could see a small abomination.

Vanquished Creatures
  2 giant geckos
  7 bats
  3 giant cockroaches
  5 goblins
  5 hobgoblins
  2 kobolds (D:1)
  A ball python (D:1)
  2 giant newts (D:1)
  4 rats (D:1)
31 creatures vanquished.

Notes
Turn   | Place    | Note
--------------------------------------------------------------
     0 | D:1      | Minkie the Gargoyle Fighter began the quest for the Orb.
     0 | D:1      | Reached XP level 1. HP: 14/14 MP: 1/1
   171 | D:1      | Reached XP level 2. HP: 19/19 MP: 2/2
   368 | D:1      | Reached XP level 3. HP: 20/23 MP: 3/3
   660 | D:2      | Found a sparkling altar of Nemelex Xobeh.
   663 | D:2      | Found an iron altar of Okawaru.
   671 | D:2      | Found a white marble altar of Elyvilon.
   680 | D:2      | Became a worshipper of Warmaster Okawaru
   815 | D:2      | Noticed Terence
   825 | D:2      | HP: 1/23 [Terence/morningstar of distortion (6)]
   825 | D:2      | Cast into level 1 of the Abyss (Terence)
   825 | Abyss:1  | Found a corrupted altar of Lugonu.
   852 | Abyss:1  | Noticed a small abomination
   853 | Abyss:1  | Noticed a small abomination
   867 | Abyss:1  | Slain by a small abomination

Vault maps used:
D:1:      sevenhm_arrival_forest_fort_large_2, minivault_25
D:2:      kennysheep_the_goblin_king, grunt_temple_overflow_diamond,
          grunt_decor_arrowhead, roderic_malta_cross, uniq_terence

Action                   || total
-------------------------++-------
Melee: Flail             ||   133
